 Dungeon Crawl Stone Soup version 0.19-a0-1888-g6ba2374 (webtiles) character file.

56 Enish the Scratcher (level 3, -2/17 HPs)
             Began as a Felid Abyssal Knight on Oct 17, 2016.
             Was a Follower of Lugonu.
             Slain by a white imp (3 damage)
             ... on level 3 of the Abyss.
             The game lasted 00:02:50 (237 turns).

Enish the Scratcher (Felid Abyssal Knight)           Turns: 237, Time: 00:02:51

Health: -2/17      AC:  1    Str: 12    XL:     3   Next: 69%
Magic:  5/5        EV: 18    Int: 13    God:    Lugonu [*.....]
Gold:   62         SH:  0    Dex: 16    Spells: 0 memorised, 2 levels left
                                        Lives:  0   Deaths: 0

rFire  . . .     SeeInvis +       - Unarmed
rCold  + . .     Gourm    .     (armour unavailable)
rNeg   . . .     Faith    .     (shield unavailable)
rPois  .         Spirit   .     (helmet unavailable)
rElec  .         Dismiss  .     (cloak unavailable)
rCorr  .         Reflect  .     (gloves unavailable)
MR     .....     Harm     .     (boots unavailable)
Stlth  ++........               (no amulet)
                                (no ring)
                                (no ring)

@: exhausted, slowed, slow
A: no armour, no weapons or thrown items, stealth, claws 1, fangs 3, see
invisible, carnivore 3, cold resistance 1, speed 1, shaggy fur 1, slow
metabolism 1, strong 2, sharp paws
a: Depart the Abyss, Renounce Religion


You were on level 3 of the Abyss.
You worshipped Lugonu.
Lugonu was aware of your devotion.
You were not hungry.

You visited 0 branches of the dungeon, and saw 0 of its levels.
You visited the Abyss 1 time.

You collected 62 gold pieces.

Inventory:

Jewellery
 b - an uncursed amulet of rage {unknown}
Scrolls
 c - a scroll of identify
Comestibles
 a - a meat ration


   Skills:
 - Level 3.0 Fighting
 - Level 3.2 Dodging
 + Level 4.1 Unarmed Combat
 - Level 1.7 Invocations


You had 2 spell levels left.
You didn't know any spells.

Dungeon Overview and Level Annotations

Branches:
Dungeon (0/15)

Altars:


Innate Abilities, Weirdness & Mutations

You cannot wear armour.
You are incapable of wielding weapons or throwing items.
Your paws allow you to move quietly. (Stealth)
You have sharp claws.
You have razor-sharp teeth.
You have supernaturally acute eyesight. (SInv)
You are carnivorous and can eat meat at any time.
You cover ground quickly.
You are covered in fur. (AC +1)
You have a slow metabolism.
Your sharp claws are effective at attacking unaware monsters.
Your flesh is cold resistant. (rC+)
Your muscles are very strong. (Str +4)


Message History

A white imp comes into view.
A white imp comes into view.
The white imp shouts, "Scamper home, thou errant nose-picking mish-mash!"
The white imp gestures at you. The puff of frost hits you! You resist.
The white imp shouts!
The white imp lashes its tail.
The white imp gestures at you. The puff of frost hits you! You resist.
* * * LOW HITPOINT WARNING * * *
The white imp grinds its teeth.
A large abomination comes into view.
You see here a dented lapis lazuli amulet.
b - a dented lapis lazuli amulet The white imp hits you.
* * * LOW HITPOINT WARNING * * *
The white imp freezes you. You resist.
* * * LOW HITPOINT WARNING * * *
The white imp hits you.
You die...

#5....#.. . #
#...5#..## #. ....
#........##.#....
###.#...............
#.∩##.....#..##....
#.###..#...#.≈≈≈≈≈≈≈
#.#>###.#.(..≈≈≈.....
###.#...#...≈≈.....
##...#...@≈≈≈....
#..#.....#55≈≈≈≈≈≈ #
.##......#.....∩.
..## ##.....#.≈≈≈≈≈≈
#. #.##.#.≈≈≈.... .
#.#..#5≈≈..... #
..#####≈≈X.... ####
5≈≈≈≈≈≈ #...


You could see a large abomination, an iron imp (wandering) and 3 white imps.

Vanquished Creatures
  A crimson imp (Abyss:3)
  3 white imps (Abyss:3)
4 creatures vanquished.

Notes
Turn   | Place    | Note
-------+----------+-------------------------------------------
     0 | Abyss:1  | Enish the Felid Abyssal Knight began the quest for the Orb.
     0 | Abyss:1  | Reached XP level 1. HP: 10/10 MP: 3/3
    44 | Abyss:1  | Found a corrupted altar of Lugonu.
    73 | Abyss:1  | Noticed a sixfirhy
   103 | Abyss:1  | Gained mutation: Your muscles are strong. (Str +2) [potion of beneficial mutation]
   104 | Abyss:1  | Gained mutation: Your flesh is cold resistant. (rC+) [potion of beneficial mutation]
   105 | Abyss:1  | Gained mutation: Your muscles are very strong. (Str +4) [potion of beneficial mutation]
   189 | Abyss:3  | Noticed a crimson imp
   189 | Abyss:3  | Noticed a crimson imp
   191 | Abyss:3  | Noticed a crimson imp
   211 | Abyss:3  | Reached skill level 3 in Unarmed Combat
   211 | Abyss:3  | Reached XP level 2. HP: 14/14 MP: 4/4
   227 | Abyss:3  | Killed a crimson imp
   227 | Abyss:3  | Reached skill level 4 in Unarmed Combat
   227 | Abyss:3  | Reached XP level 3. HP: 14/17 MP: 5/5
   237 | Abyss:3  | Noticed a large abomination
   237 | Abyss:3  | Slain by a white imp

Vault maps used:
Abyss:3:  guppyfry_abyss_exit_imp_island

Skill      XL: |  1  2 |
---------------+-------+-----
Unarmed Combat | 3 4 |  4.1
Fighting       | |  3.0
Dodging        | |  3.2
Invocations    | |  1.7

Action                   || total
-------------------------++-------
Melee: Unarmed           ||    16
       Bite              ||     3
  Use: Potion            ||     4
       Scroll            ||     2
Armor: Skin              ||     1
Dodge: Dodged            ||    12
